 Dungeon Crawl Stone Soup version 0.32-a0-872-g59262bd (webtiles) character file.

Game seed: 15780036863312350266

178 lyrin the Shooter (level 5, -7/30 HPs)
             Began as a Tengu Hexslinger on Mar 30, 2024.
             Mangled by a black bear (12 damage)
             ... on level 4 of the Dungeon.
             The game lasted 00:04:33 (3769 turns).

lyrin the Shooter (Tengu Hexslinger)                Turns: 3769, Time: 00:04:34

Health: -7/30      AC:  3    Str:  9    XL:     5   Next: 58%
Magic:  7/7        EV: 12    Int: 15    God:
Gold:   177        SH:  0    Dex: 16    Spells: 6/6 levels left

rFire   . . .        b - +0 dagger (elec)
rCold   . . .        (no shield)
rNeg    . . .        c - +0 robe
rPois   .            (helmet restricted)
rElec   .            s - +0 cloak
rCorr   .            (no gloves)
SInv    .            (boots unavailable)
Will    .....        r - amulet of magic regeneration
Stlth   ++           (no ring)
HPRegen 0.25/turn    (no ring)
MPRegen 0.50/turn

%: acrobat
@: no status effects
A: beak, talons 3, acrobatic
a: no special abilities


You were on level 4 of the Dungeon.
You visited 1 branch of the dungeon, and saw 4 of its levels.

You collected 177 gold pieces.

Inventory:

Hand Weapons
 a - a +1 sling
 b - a +0 dagger of electrocution (weapon)
 n - a +4 hand axe
Missiles
 t - 7 poisoned darts
Armour
 c - a +0 robe (worn)
 s - a +0 cloak (worn)
Jewellery
 r - an amulet of magic regeneration (around neck)
Scrolls
 d - a scroll of poison
 e - 2 scrolls of revelation {unknown}
 k - 3 scrolls of teleportation {unknown}
 l - 2 scrolls of identify {unknown}
 v - 2 scrolls of fear {unknown}
Potions
 f - a potion of lignification {unknown}
 g - a potion of curing {unknown}
 h - a potion of berserk rage {unknown}
 i - a potion of degeneration {unknown}
 j - a potion of mutation {unknown}
 m - 2 potions of heal wounds {unknown}
 o - a potion of magic {unknown}
 p - 2 potions of might {unknown}
 q - 2 potions of ambrosia {unknown}
 u - a potion of invisibility {unknown}


   Skills:
 + Level 2.0 Fighting
 + Level 0.6 Short Blades
 + Level 4.8 Ranged Weapons
 + Level 2.8 Dodging
 - Level 0.2 Stealth
 + Level 1.0 Spellcasting
 + Level 2.6 Hexes
 + Level 1.1 Fire Magic


You had 6 spell levels left.
You didn't know any spells.
Your spell library contained the following spells:

 Spells                   Type           Power      Damage    Failure   Level
 Jinxbite                 Hex            16%        N/A       13%         2
 Sigil of Binding         Hex            8%         N/A       26%         3
 Inner Flame              Hex/Fire       6%         N/A       34%         3
 Mercury Vapours          Alch/Air       0%         N/A       36%         2
 Mephitic Cloud           Conj/Alch/Air  0%         N/A       58%         3
 Cause Fear               Hex            4%         N/A       63%         4
 Dimensional Bullseye     Hex/Tloc       2%         N/A       82%         4
 Freezing Cloud           Conj/Ice/Air   0%         6-21      100%        5
 Death Channel            Necr           0%         N/A       100%        6
 Sculpt Simulacrum        Ice/Alch       0%         N/A       100%        6


Dungeon Overview and Level Annotations

Branches:
Dungeon (4/15)
 Temple: D:4-7

Altars:
Fedhas
Ru

Shops:
D:3 *


Innate Abilities, Weirdness & Mutations

You have a beak for a mouth.
You have claws for feet.
You can magically evade attacks while moving or waiting.


Message History

You shoot a sling bullet. The sling bullet hits the black bear.
The black bear is severely wounded.
The black bear bites you! The black bear barely misses you.
The black bear claws you.
You shoot a sling bullet. The sling bullet hits the black bear.
The black bear is severely wounded.
The black bear goes berserk!
You shoot a sling bullet.
The sling bullet barely misses the black bear.
The black bear bites you! The black bear barely misses you.
The black bear claws you but does no damage.
The black bear barely misses you. x2; The black bear claws you.
You are too injured to fight recklessly!
You are too injured to fight recklessly!
You are too injured to fight recklessly!
Unknown command.
You hear the crackle of electricity.
b - a +0 dagger of electrocution (weapon)
The black bear bites you.
* * * LOW HITPOINT WARNING * * *
The black bear claws you but does no damage.
The black bear claws you.
* * * LOW HITPOINT WARNING * * *
You completely miss the black bear. You claw the black bear.
The black bear is almost dead.
The black bear closely misses you. The black bear claws you.
* * * LOW HITPOINT WARNING * * *
The black bear closely misses you.
Unknown command.
You barely miss the black bear.
The black bear is almost dead.
The black bear closely misses you. The black bear completely misses you.
The black bear claws you.
* * * LOW HITPOINT WARNING * * *
The black bear closely misses you. x2; The black bear completely misses you.
Unknown command.
You closely miss the black bear. You claw the black bear.
The black bear is almost dead.
The black bear bites you!
You die...

.......
.......
.......
.......
.......
.......
......h######
######@....#
#....#.....#
#....#.....#
#....#.....#
#....'.....#
#....#.....#
#....#.....#
#....#.....#
######.....###


You could see a black bear (berserk).

Vanquished Creatures
  A jelly (D:4)
  An orc priest (D:4)
  An iguana (D:3)
  An orc wizard (D:3)
  An adder (D:3)
  A ribbon worm (D:2)
  3 dart slugs
  2 orcs (D:3)
  3 bats
  3 endoplasms
  2 giant cockroaches
  6 goblins
  7 hobgoblins
  6 kobolds
  4 quokkas
  4 frilled lizards
  2 rats
48 creatures vanquished.

Notes
Turn   | Place    | Note
-------+----------+-------------------------------------------
     0 | D:1      | lyrin the Tengu Hexslinger began the quest for the Orb.
     0 | D:1      | Reached XP level 1. HP: 12/12 MP: 3/3
    87 | D:1      | Reached XP level 2. HP: 16/16 MP: 4/4
   636 | D:1      | Found a faded altar of an unknown god.
  1048 | D:2      | Reached XP level 3. HP: 20/20 MP: 5/5
  1458 | D:2      | Reached skill level 3 in Ranged Weapons
  1732 | D:3      | Found a blossoming altar of Fedhas.
  1798 | D:3      | Reached XP level 4. HP: 25/25 MP: 6/6
  2273 | D:3      | Identified the +2 helmet of Omission {-Cast rC+++ Str+4}
  2505 | D:3      | Found Faof's Assorted Antiques.
  2891 | D:3      | Found a sacrificial altar of Ru.
  3224 | D:3      | Reached skill level 4 in Ranged Weapons
  3243 | D:3      | Reached XP level 5. HP: 15/30 MP: 7/7
  3756 | D:4      | Noticed a black bear
  3769 | D:4      | Mangled by a black bear

Illustrated notes

Levels and vault maps discovered:
D:1:      dpeg_arrival_tiny_f, layout_basic, basic_ecumenical_altar
D:2:      layout_loops_corners, kennysheep_generic_room_13
D:3:      cheibrodos_greedy_goblins, layout_basic,
          nicolae_ru_the_path_less_chosen, nicolae_overflow_hidden_temple,
          serial_shops, nicolae_diamond_shop
D:4:      minmay_door_path, layout_gridville, lemuel_zombie_altar_yredelemnul

Skill      XL: |  1  2  3  4  5 |
---------------+----------------+-----
Ranged Weapons | 3 4 |  4.8
Fighting       | 2 |  2.0
Short Blades   | |  0.6
Dodging        | |  2.8
Stealth        | |  0.2
Spellcasting   | |  1.0
Hexes          | |  2.6
Fire Magic     | |  1.1

Action                     |  1- 3 |  4- 6 || total
---------------------------+-------+-------++-------
  Melee: Dagger            |     8 |    26 ||    34
         Kick              |     2 |     5 ||     7
         Peck              |     1 |     3 ||     4
   Fire: Sling             |    60 |    63 ||   123
 Armour: Robe              |    13 |    55 ||    68
  Dodge: Dodged            |     6 |    41 ||    47

Table legend: (Time is in decaauts)
 A = Elapsed time spent in this place.
 B = Non-inter-level travel time spent in this place.
 C = Inter-level travel time spent in this place.
 D = Time resting spent in this place.
 E = Time spent auto-exploring this place.
 F = Levels seen in this place.
 G = Mean time per level.
                   A        B        C        D        E       F      G
               +--------+--------+--------+--------+--------+-----+--------+
         Total |   3793 |   3643 |    150 |    614 |   2657 |   4 |  948.2 |
       Dungeon |   3793 |   3643 |    150 |    614 |   2657 |   4 |  948.2 |
               +--------+--------+--------+--------+--------+-----+--------+

Top non-repeatable levels by time:
     D:3: 1817 daAuts
     D:2: 882 daAuts
     D:1: 832 daAuts
     D:4: 261 daAuts
